Map: Neon Violet Square LE

Players

Elazer

  • Race: Zerg Zerg
  • Spawn Location: 11:00

Stats - Winner!

  • Race: Protoss Protoss
  • League: Master
  • Spawn Location: 5:00

Event: Memes & Dreams Invitational

VOD

Have the link to the VOD?

Description

Time

  • Played on: April 14, 2018, 10:45 p.m.
  • Length: 5:15

All games in this series

Show
View Real Time Build Order
Export as new Build Order

Elazer Zerg 

Build Orders: Hatch First 

Get SALT Encoding   

  12  0:02  Drone  
  13  0:13  Overlord  
  13  0:18  Drone  
  14  0:31  Drone  
  14  0:32  Drone  
  16  0:49  Hatchery  
  15  0:53  Drone  
  15  0:56  Drone  
  17  0:59  Drone  
  18  1:11  Extractor  
  17  1:15  Spawning Pool  
  16  1:18  Drone  
  16  1:22  Drone  
  18  1:30  Drone  
  19  1:42  Drone  
  20  1:51  Overlord  
  20  2:02  Queen x2  
  20  2:03  Zergling x2  
  20  2:06  Zergling x2  
  26  2:13  Drone x2  
  28  2:22  Drone  
  29  2:23  Drone  
  30  2:30  Metabolic Boost  
  30  2:33  Drone  
  31  2:39  Drone  
  31  2:43  Hatchery  
  31  2:50  Overlord  
  31  2:52  Drone  
  31  2:56  Zergling x2  
  33  2:58  Zergling x2  
  34  3:06  Queen  
  36  3:13  Drone x3  
  36  3:15  Drone x4  
  36  3:18  Drone  
  44  3:24  Overlord  
  44  3:25  Drone  
  42  3:32  Drone  
  41  3:35  Drone  
  41  3:38  Spore Crawler  
  39  3:51  Zergling x2  
  39  3:52  Zergling x8  
  39  3:53  Baneling Nest  
  43  3:58  Zergling x4  
  41  4:06  Zergling x6  
  44  4:16  Zergling x4  
  46  4:19  Zergling x10  
  46  4:23  Zergling x2  
  52  4:24  Zergling x2  
  53  4:32  Zergling x6  
  53  4:36  Baneling  
  56  4:43  Zergling x2  
  56  4:52  Drone x3  
  56  4:53  Drone  
  56  5:05  Extractor  
Show
View Real Time Build Order
Export as new Build Order

Stats Protoss - Winner!

Build Orders: 1 Gate Expand, Oracle Opening 

Get SALT Encoding   

  12  0:00  Probe  
  13  0:13  Probe  
  14  0:25  Probe  
  14  0:27  Pylon  
  15  0:45  Probe (Chrono Boost), Gateway  
  15  0:48  Assimilator  
  16  0:55  Probe (Chrono Boost)  
  17  1:00  Probe (Chrono Boost)  
  19  1:11  Probe  
  19  1:23  Probe  
  20  1:30  Nexus  
  20  1:36  Cybernetics Core  
  20  1:39  Probe  
  21  1:45  Assimilator  
  21  1:51  Probe  
  22  1:56  Pylon  
  22  2:03  Probe  
  23  2:13  Adept (Chrono Boost)  
  23  2:15  Probe  
  26  2:23  Stargate  
  26  2:27  Probe  
  27  2:31  Adept (Chrono Boost)  
  27  2:35  Warp Gate  
  29  2:43  Probe x2 (Chrono Boost)  
  31  2:50  Adept  
  32  2:52  Probe (Chrono Boost)  
  32  2:54  Probe (Chrono Boost)  
  32  2:57  Probe (Chrono Boost)  
  35  3:03  Probe  
  35  3:05  Oracle (Chrono Boost)  
  37  3:09  Probe  
  41  3:16  Pylon  
  41  3:17  Probe  
  42  3:21  Probe  
  43  3:33  Probe x2  
  43  3:34  Oracle (Chrono Boost)  
  44  3:44  Gateway  
  44  3:46  Probe x2  
  44  3:47  Assimilator  
  46  3:51  Pylon  
  46  3:53  Assimilator  
  46  3:58  Probe x2  
  48  4:05  Phoenix (Chrono Boost)  
  50  4:13  Probe x2  
  52  4:18  Robotics Facility  
  52  4:23  Twilight Council  
  52  4:24  Shield Battery  
  52  4:25  Probe x2  
  52  4:30  Pylon  
  54  4:37  Probe x2  
  56  4:40  Sentry  
  56  4:43  Sentry  
  60  4:54  Probe x2, Nexus  
  60  4:57  Pylon  
  62  5:03  Forge  
Tags
 
Add a new tag
Caveats
  • Supply blocks, unpowered buildings, or Contaminate may cause inaccurate times.
  • Supply counts are checked every 10 seconds.